 Dungeon Crawl Stone Soup version 0.31.0-2-g5a2aebc5c2 (webtiles) character file.

Game seed: 3470245795219823528

155 Zeia the Grave Robber (level 5, -1/35 HPs)
             Began as a Demonspawn Necromancer on Jan 20, 2024.
             Killed from afar by a dart slug (4 damage)
             ... with a slug dart
             ... on level 3 of the Dungeon.
             The game lasted 00:07:07 (2521 turns).

Zeia the Grave Robber (Demonspawn Necromancer)      Turns: 2521, Time: 00:07:07

Health: -1/35      AC:  4    Str:  9    XL:     5   Next: 14%
Magic:  5/8        EV: 12    Int: 17    God:
Gold:   111        SH:  0    Dex: 13    Spells: 8/9 levels left

rFire   . . .        g - +0 dagger
rCold   . . .        (no shield)
rNeg    . . .        a - +0 robe
rPois   .            (no helmet)
rElec   .            k - +0 cloak
rCorr   .            (no gloves)
SInv    .            f - +0 pair of boots
Will    .....        (no amulet)
Stlth   ++           (no ring)
HPRegen 0.25/turn    (no ring)
MPRegen 0.11/turn

%: no passive effects
@: mighty, about to teleport
A: hooves 2
a: no special abilities


You were on level 3 of the Dungeon.
You visited 1 branch of the dungeon, and saw 3 of its levels.

You collected 111 gold pieces.

Inventory:

Hand Weapons
 g - a +0 dagger (weapon)
Armour
 a - a +0 robe (worn)
 f - a +0 pair of boots (worn)
 k - a +0 cloak (worn)
 p - a +3 scale mail
Jewellery
 q - an amulet of guardian spirit
Wands
 o - a wand of flame (5)
Scrolls
 i - a scroll of noise {unknown}
Potions
 b - a potion of magic
 c - a potion of might
 e - a potion of enlightenment {unknown}
 j - 2 potions of heal wounds {unknown}
 l - a potion of curing {unknown}
 m - 3 potions of berserk rage {unknown}
 n - a potion of mutation {unknown}


   Skills:
 - Level 1.7 Dodging
 - Level 1.7 Stealth
 - Level 2.5 Spellcasting
 + Level 6.8 Necromancy


You had 8 spell levels left.
You knew the following spells:

 Your Spells              Type           Power      Damage    Failure   Level
a - Necrotise             Necr           100%       1d9       1%          1

Your spell library contained the following spells:

 Spells                   Type           Power      Damage    Failure   Level
 Vampiric Draining        Necr           25%        2d7       3%          3
 Animate Dead             Necr           25%        N/A       11%         4
 Curse of Agony           Necr           25%        N/A       30%         5
 Gell's Gravitas          Tloc           2%         N/A       50%         3
 Teleport Other           Tloc           2%         N/A       50%         3
 Dispersal                Tloc           1%         N/A       100%        6
 Malign Gateway           Summ/Tloc      1%         N/A       100%        7
 Summon Horrible Things   Summ           1%         N/A       100%        8


Dungeon Overview and Level Annotations

Branches:
Dungeon (3/15)

Altars:

Annotations:
D:3 Ijyb


Innate Abilities, Weirdness & Mutations

You have hoof-like feet.


Message History

The white imp gestures at you. The puff of frost hits you!
Aiming: Necrotise (safe; 1% risk of failure)
Press: ? - help, Q - select action, (/) - cycle Shift-Dir - straight line, f/p - orc
Aim: an orc, wielding a +0 hand axe (chance to affect: 93%)
The orc writhes in agony!
You kill the orc!
The dead are walking!
The white imp is engulfed in a cloud of scalding steam.
The white imp hits your orc skeleton.
The white imp freezes your orc skeleton.
Your orc skeleton completely resists.
Found 2 stones.
Your orc skeleton is engulfed in a cloud of scalding steam.
Your orc skeleton is destroyed!
Aiming: Necrotise (safe; 1% risk of failure)
Press: ? - help, Q - select action, (/) - cycle Shift-Dir - straight line, f - you
Okay, then.
The white imp gestures at you. The puff of frost hits you!
Ijyb shouts!
You barely miss the white imp.
The white imp is almost dead.
The white imp hits you. The white imp freezes you.
Ijyb zaps a wand.
The puff of flame misses you.
You hit the white imp.
You kill the white imp!
Ijyb zaps a wand.
The puff of flame hits you!
* * * LOW HITPOINT WARNING * * *
A dart slug comes into view.
As you read the scroll labelled WUYRGH KYASOLIJ, it crumbles to dust.
You feel aware of your surroundings.
It was a scroll of revelation.
Unknown command.
As you read the scroll labelled JUEGO WAMPANA, it crumbles to dust.
You feel strangely unstable.
It was a scroll of teleportation.
It was a potion of might.
You feel very mighty all of a sudden. The dart slug launches a dart at you.
The slug dart hits you.
You die...

,*,,***,,* *,,,,,* *,**** * ,,,**
**,###############.,,,* ,,**
**#........######.#*** ,*,**
**..........##....## #
,,,,****,........†..###...# ##
****,**,,............##...# #.
***,,,.............##..# #.
***,,,,..............#..######.
**,*,,,,....§..@......#.........
*,,*,,,,..............#..#####..
*,,+,,,,.w.(≈§§...g...'.........
*,,+,,,,...%≈≈.)......'........#
*,,*,,,,.....§........#........#
*,,*,,,,..(...........#..####..#
***,*,,,,..............#........#
,*****,,,.............##..####.##
,* **,,,,,,,,......##...###g...


You could see Ijyb and a dart slug.

Vanquished Creatures
  Terence (D:3)
  3 gnolls (D:2)
  3 adders
  A white imp (D:3)
  A dart slug (D:2)
  A ribbon worm (D:3)
  An orc (D:3)
  3 bats
  6 endoplasms
  A giant cockroach (D:3)
  8 hobgoblins
  5 jackals (D:2)
  3 quokkas
  2 ball pythons
  5 frilled lizards
  3 goblins
  4 kobolds
  4 rats
55 creatures vanquished.

Vanquished Creatures (collateral kills)
  An adder (D:2)
  An orc (D:3)
  A quokka (D:2)
3 creatures vanquished.

Grand Total: 58 creatures vanquished

Notes
Turn   | Place    | Note
-------+----------+-------------------------------------------
     0 | D:1      | Zeia the Demonspawn Necromancer began the quest for the
                  | Orb.
     0 | D:1      | Reached XP level 1. HP: 13/13 MP: 3/3
   275 | D:1      | Gained mutation: You have large cloven feet. [demonic
                  | ancestry]
   275 | D:1      | Reached XP level 2. HP: 19/19 MP: 1/5
   416 | D:1      | Found a faded altar of an unknown god.
  1032 | D:2      | Reached skill level 5 in Necromancy
  1048 | D:2      | Reached XP level 3. HP: 24/24 MP: 0/6
  1564 | D:2      | Reached XP level 4. HP: 30/30 MP: 2/7
  1626 | D:2      | Reached skill level 6 in Necromancy
  2116 | D:3      | Noticed Ijyb
  2236 | D:3      | Noticed Terence
  2263 | D:3      | Killed Terence
  2264 | D:3      | Gained mutation: You have hoof-like feet. [demonic
                  | ancestry]
  2264 | D:3      | Reached XP level 5. HP: 6/35 MP: 0/8
  2521 | D:3      | Killed from afar by a dart slug

Illustrated notes

Levels and vault maps discovered:
D:1:      erik_arrival_blinker_ship, layout_loops_ring,
          hellmonk_ecumenical_altar_heavens_door
D:2:      layout_basic, minmay_ruptured
D:3:      kennysheep_big_flooded_room, layout_loops_cross, uniq_ijyb,
          uniq_crazy_yiuf_cottage, uniq_terence

Skill      XL: |  1  2  3  4 |
---------------+-------------+-----
Necromancy     | 5 6 |  6.8
Dodging        | |  1.7
Stealth        | |  1.7
Spellcasting   | |  2.5

Action                     |  1- 3 |  4- 6 || total
---------------------------+-------+-------++-------
  Melee: Unarmed           |     7 |       ||     7
         Dagger            |    42 |    28 ||    70
         Punch             |       |     1 ||     1
   Cast: Necrotise         |    72 |    33 ||   105
    Use: Scroll            |       |     2 ||     2
         Potion            |       |     1 ||     1
 Armour: Robe              |    33 |    23 ||    56
  Dodge: Dodged            |    36 |    26 ||    62
